 Dungeon Crawl Stone Soup version 0.22.0 (webtiles) character file.

79 zishaf the Stinger (level 4, 0/27 HPs)
             Began as an Octopode Venom Mage on Aug 11, 2018.
             Slain by Sigmund
             ... wielding a +0 scythe
              (4 damage)
             ... on level 2 of the Dungeon.
             The game lasted 00:03:13 (1624 turns).

zishaf the Stinger (Octopode Venom Mage)            Turns: 1624, Time: 00:03:13

Health: 0/27       AC:  1    Str:  8    XL:     4   Next: 37%
Magic:  3/7        EV: 14    Int: 17    God:
Gold:   108        SH:  0    Dex: 12    Spells: 4/7 levels left

rFire    . . .     SeeInvis .   a - +0 dagger
rCold    . . .     Gourm    .   (no shield)
rNeg     . . .     Faith    .   (helmet restricted)
rPois    .         Spirit   .   (no amulet)
rElec    .         Reflect  .   (no ring)
rCorr    .         Harm     .   (no ring)
MR       .....                  (no ring)
Stlth    ++........             (no ring)
HPRegen  0.09/turn              (no ring)
MPRegen  0.10/turn              (no ring)
                                (no ring)
                                (no ring)

@: confused
A: almost no armour, stealthy swim, amphibious, 8 rings, constrict 8, camouflage
1, gelatinous body 1
a: no special abilities


You were on level 2 of the Dungeon.
You were hungry.

You visited 1 branch of the dungeon, and saw 2 of its levels.

You collected 108 gold pieces.

Inventory:

Hand Weapons
 a - a +0 dagger (weapon)
Scrolls
 f - a scroll of enchant armour {unknown}
 g - a scroll of immolation {unknown}
 h - a scroll of magic mapping {unknown}
 i - a scroll of remove curse {unknown}
 j - a scroll of teleportation {unknown}
Potions
 d - 2 potions of mutation {unknown}
 e - 3 potions of curing {unknown}
Comestibles
 b - 3 rations
 c - a chunk of flesh


   Skills:
 + Level 2.9 Dodging
 - Level 3.0 Stealth
 - Level 2.0 Spellcasting
 + Level 2.3 Conjurations
 + Level 4.5 Poison Magic


You had 4 spell levels left.
You knew the following spells:

 Your Spells              Type           Power        Failure   Level  Hunger
a - Sting                 Conj/Pois      ##..         4%          1    #......
b - Poisonous Vapours     Pois/Air       #.....       12%         2    ###....

Your spell library contained the following spells:

 Spells                   Type           Power        Failure   Level  Hunger
 Mephitic Cloud           Conj/Pois/Air  #.......     22%         3    ###....
 Venom Bolt               Conj/Pois      ##........   78%         5    ######.
 Olgreb's Toxic Radiance  Pois           ###.....     30%         4    #####..


Dungeon Overview and Level Annotations

Branches:
Dungeon (2/15)

Altars:
Gozag
Wu Jian
The Shining One

Annotations:
D:2 Sigmund


Innate Abilities, Weirdness & Mutations

You cannot wear most types of armour.
You are very stealthy in the water. (Stealth+)
You are amphibious.
You can wear up to eight rings at the same time.
You can use your tentacles to constrict eight enemies at once.
Your skin changes colour to match your surroundings (Stealth+).
Your rubbery body absorbs attacks. (AC +1, EV +1)


Message History

Something hits you! Something hits you. As you open the door, it creaks loudly!
You hear some strange, mumbled words.
Something tries to affect you, but you resist.
There is an open door here.
A magic dart appears from out of thin air!
The magic dart hits you!
* * * LOW HITPOINT WARNING * * *
You are confused.
You see here 7 stones.
The jackal bites you.
* * * LOW HITPOINT WARNING * * *
The jackal bites you.
* * * LOW HITPOINT WARNING * * *
The jackal completely misses you.
You barely miss the jackal. Your squeeze misses the jackal.
The jackal closely misses you. The jackal bites you.
* * * LOW HITPOINT WARNING * * *
Something hits you.
You die...

###.####..#.####.####
..#.........####.# #
#.######.........#### #.#
##...#######.... ## #.# ##.....##
#.### ##.##.###.......## #..##
#########...#.##.........####...#
...............'÷h.......'.......
.##.#####...#.##@h.......####...#
.##.# ##.....##.......#####..##
.##.# #####.....##.....###.......
###.# #.........###...## #.#.####
# #.# #.###.....# ##+## #.#.# #
#.###.###....## #.#.#
#.......).#### #{#.# #####.#####
..hhh.hh#.# #.# ...###..#<#


You could see 2 jackals.

Vanquished Creatures
  Jessica (D:2)
  An adder (D:2)
  A worm (D:2)
  A dart slug (D:1)
  A leopard gecko (D:2)
  3 giant cockroaches
  3 goblins (D:1)
  5 hobgoblins
  A jackal (D:2)
  8 bats
  2 frilled lizards (D:1)
  5 kobolds
  4 rats
36 creatures vanquished.

Notes
Turn   | Place    | Note
-------+----------+-------------------------------------------
     0 | D:1      | zishaf the Octopode Venom Mage began the quest for the Orb.
     0 | D:1      | Reached XP level 1. HP: 11/11 MP: 3/3
   402 | D:1      | Reached XP level 2. HP: 13/17 MP: 3/5
   545 | D:1      | Learned a level 2 spell: Poisonous Vapours
   730 | D:1      | Reached skill level 4 in Poison Magic
   941 | D:2      | Reached XP level 3. HP: 11/21 MP: 3/6
  1157 | D:2      | Found an ornate altar of the Wu Jian Council.
  1306 | D:2      | Found a glowing golden altar of the Shining One.
  1420 | D:2      | Noticed Jessica
  1423 | D:2      | Killed Jessica
  1423 | D:2      | Reached XP level 4. HP: 27/27 MP: 0/7
  1549 | D:2      | Found an opulent altar of Gozag.
  1590 | D:2      | Noticed Sigmund
  1624 | D:2      | Slain by Sigmund

Skill      XL: |  1  2  3 |
---------------+----------+-----
Stealth        | 3 |  3.0
Poison Magic   | 4 |  4.5
Conjurations   | 2 |  2.3
Dodging        | |  2.9
Spellcasting   | |  2.0

Action                   |  1- 3 |  4- 6 || total
-------------------------+-------+-------++-------
Melee: Dagger            |    36 |    14 ||    50
       Constrict         |    10 |     3 ||    13
       Unarmed           |     2 |       ||     2
       Tentacles         |     8 |     2 ||    10
 Cast: Sting             |     8 |     1 ||     9
       Poisonous Vapours |    15 |     5 ||    20
 Stab: Sleeping          |     4 |       ||     4
  Eat: Chunk             |     3 |       ||     3
Armor: Skin              |     4 |     4 ||     8
Dodge: Dodged            |    28 |    16 ||    44
